 Dungeon Crawl Stone Soup version 0.19.1-1-g22dce08 (webtiles) character file.

1062 sveltemanboy the Destroyer (level 8, -2/62 HPs)
             Began as a Purple Draconian Conjurer on Jan 8, 2017.
             Killed from afar by sveltemanboy's ghost (33 damage)
             ... with a bolt of negative energy
             ... on level 5 of the Dungeon.
             The game lasted 00:11:59 (5705 turns).

sveltemanboy the Destroyer (DrCj)                   Turns: 5705, Time: 00:12:02

Health: -2/62      AC:  7    Str: 11    XL:     8   Next: 6%
Magic:  3/12       EV: 12    Int: 17    God:
Gold:   256        SH:  0    Dex: 12    Spells: 3 memorised, 6 levels left

rFire  . . .     SeeInvis +     f - +0 dagger (venom)
rCold  . . .     Gourm    .     (armour unavailable)
rNeg   . . .     Faith    .     (no shield)
rPois  .         Spirit   .     (helmet restricted)
rElec  .         Reflect  .     q - +0 cloak
rCorr  .         Harm     .     (no gloves)
MR     +....                    (no boots)
Stlth  +.........               (no amulet)
                                (no ring)
                                p - ring of see invisible (curse)

@: heavily drained
A: breathe power, unfitting armour, cold-blooded, AC +6
a: Breathe Dispelling Energy


You were on level 5 of the Dungeon.
You were not hungry.

You visited 1 branch of the dungeon, and saw 5 of its levels.
You also visited: Sewer.

You collected 256 gold pieces.

Inventory:

Hand Weapons
 f - a +0 dagger of venom (weapon)
Armour
 q - a +0 cloak (worn)
Jewellery
 p - a cursed ring of see invisible (left hand)
Wands
 d - a wand of flame (9/48)
 o - a wand of iceblast (8/15)
Scrolls
 c - 2 scrolls of magic mapping
 e - 2 scrolls of fear {unknown}
 g - 3 scrolls of teleportation
 i - 3 scrolls of identify
 k - 3 scrolls of remove curse
 l - a scroll of noise {unknown}
 r - a scroll of blinking {unknown}
 x - a scroll of amnesia {unknown}
 y - 2 scrolls of enchant weapon {unknown}
Potions
 h - 3 potions of might
 n - a potion of invisibility
 s - 3 potions of flight {unknown}
 t - 4 potions of curing
 u - a potion of heal wounds
 v - a potion of ambrosia {unknown}
Books
 a - a book of Conjurations

   Spells                             Type                      Level
   a - Magic Dart                     Conjuration                  1
   b - Searing Ray                    Conjuration                  2
   c - Dazzling Spray                 Conjuration/Hexes            3
   d - Fulminant Prism                Conjuration/Hexes            4
   e - Iskenderun's Mystic Blast      Conjuration                  4
   f - Iskenderun's Battlesphere      Conjuration/Charms           5
Comestibles
 b - 4 bread rations
 j - 2 meat rations
 m - a fruit
 w - 3 chunks of flesh


   Skills:
 + Level 2.3(1.2) Fighting
 - Level 2.2(1.1) Dodging
 - Level 1.7(0.6) Stealth
 - Level 3.0(1.8) Spellcasting
 * Level 9.7(8.3) Conjurations


You had 6 spell levels left.
You knew the following spells:

 Your Spells              Type           Power        Failure   Level  Hunger
a - Magic Dart            Conj           ####         1%          1    #......
b - Searing Ray           Conj           ####..       1%          2    ###....
c - Iskenderun's Mystic   Conj           ####....     10%         4    #####..


Dungeon Overview and Level Annotations

Branches:
Dungeon (5/15)
 Temple: D:4-7

Altars:
The Shining One

Annotations:
D:5 sveltemanboy's ghost, novice DrCj


Innate Abilities, Weirdness & Mutations

You can breathe bolts of dispelling energy.
Your rich purple scales are hard. (AC +6)
You cannot fit into any form of body armour.
You are cold-blooded and may be slowed by cold attacks.


Message History

Sveltemanboy's ghost is lightly damaged.
Sveltemanboy's ghost breathes negative energy at you.
The bolt of negative energy hits you!
You feel drained.
The searing ray hits sveltemanboy's ghost.
Sveltemanboy's ghost is lightly damaged.
You finish channeling your searing ray.
Sveltemanboy's ghost points at you and mumbles some strange words.
The orb of energy hits you!
Casting: Searing Ray
Confirm with . or Enter, or press ? or * to list all spells.
Aiming: Iskenderun's Mystic Blast
Press: ? - help, Shift-Dir - straight line, f/p - sveltemanboy's ghost
Aim: sveltemanboy's ghost (lightly damaged)
The orb of energy hits sveltemanboy's ghost.
Sveltemanboy's ghost is moderately damaged.
The orb of energy explodes!
Sveltemanboy's ghost breathes negative energy at you.
The bolt of negative energy hits you!
You feel drained.
Ouch! That really hurt!
You die...

..# ###......# #.# #
'## #.'......###.# #
.# #.#.......##.####
.# #.#.......#......
.# #.####......>####
## #####.#
#....#.#....
#.....####....#.#....
#........'....#.#....
#...@#####....#.#....
+....'.# #....#.#....
#....#W# #....#.#....
######..........#
##########


You could see sveltemanboy's ghost.

Vanquished Creatures
  A hippogriff (D:5)
  A phantom (D:4)
  A centaur (D:5)
  A big kobold (Sewer)
  A howler monkey (D:4)
  A crimson imp (D:5)
  A hound (D:4)
  An orc priest (D:4)
  Crazy Yiuf (D:3)
  A bullfrog skeleton (D:4)
  An iguana (D:4)
  A centaur skeleton (D:5)
  Terence (D:2)
  Natasha (thrice) (D:3)
  An orc wizard (D:4)
  4 worker ants
  A hound skeleton (D:4)
  A worker ant zombie (D:5)
  Robin (D:2)
  5 adders
  4 river rats (Sewer)
  2 worms
  A leopard gecko (D:2)
  3 orcs
  7 bats
  4 giant cockroaches
  12 hobgoblins
  6 jackals
  A quokka (D:4)
  2 frilled lizards
  11 goblins
  7 kobolds
  6 rats
  A bush (D:3)
96 creatures vanquished.

Notes
Turn   | Place    | Note
-------+----------+-------------------------------------------
     0 | D:1      | sveltemanboy the Draconian Conjurer began the quest for the Orb.
     0 | D:1      | Reached XP level 1. HP: 14/14 MP: 3/3
   617 | D:1      | Reached XP level 2. HP: 20/20 MP: 0/5
   670 | D:1      | Learned a level 2 spell: Searing Ray
  1586 | D:2      | Reached skill level 5 in Conjurations
  1586 | D:2      | Reached XP level 3. HP: 24/26 MP: 1/6
  1877 | D:2      | Noticed Robin
  1887 | D:2      | Killed Robin
  1955 | D:2      | Reached XP level 4. HP: 27/33 MP: 7/7
  2041 | D:2      | Noticed Terence
  2051 | D:2      | Killed Terence
  2395 | D:3      | Learned a level 4 spell: Iskenderun's Mystic Blast
  2483 | D:3      | Reached skill level 6 in Conjurations
  2595 | D:3      | Noticed Natasha
  2692 | D:3      | Killed Natasha
  2692 | D:3      | Reached XP level 5. HP: 16/38 MP: 0/8
  3196 | D:3      | Noticed Natasha
  3199 | D:3      | Killed Natasha
  3416 | D:3      | Noticed Natasha
  3422 | D:3      | Killed Natasha
  3422 | D:3      | Reached skill level 7 in Conjurations
  3703 | D:3      | Found a glowing golden altar of the Shining One.
  3812 | D:3      | Found a runed door.
  3816 | D:3      | Noticed Crazy Yiuf
  3820 | D:3      | Killed Crazy Yiuf
  3937 | D:4      | Reached XP level 6. HP: 29/45 MP: 4/9
  4061 | D:4      | Reached skill level 8 in Conjurations
  4141 | D:4      | Found a glowing drain.
  4149 | Sewer    | Entered a sewer
  4297 | Sewer    | Your scales start taking on a rich purple colour.
  4297 | Sewer    | Reached XP level 7. HP: 50/50 MP: 0/10
  4386 | Sewer    | Found a glowing silver altar of Zin.
  4938 | D:4      | Reached skill level 9 in Conjurations
  5192 | D:5      | Entered Level 5 of the Dungeon
  5192 | D:5      | Noticed a hippogriff
  5202 | D:5      | Killed a hippogriff
  5202 | D:5      | Reached skill level 1 in Fighting
  5532 | D:5      | Reached XP level 8. HP: 37/62 MP: 9/12
  5685 | D:5      | Noticed sveltemanboy's ghost (novice DrCj)
  5705 | D:5      | Killed from afar by sveltemanboy's ghost

Skill      XL: |  1  2  3  4  5  6  7 |
---------------+----------------------+-----
Conjurations   | 5 6 7 8 9 |  9.7
Spellcasting   | 3 |  3.0
Fighting       | 2 |  2.3
Dodging        | 2 |  2.2
Stealth        | |  1.7

Action                   |  1- 3 |  4- 6 |  7- 9 || total
-------------------------+-------+-------+-------++-------
Melee: Unarmed           |    12 |       |       ||    12
       Spear             |    25 |       |       ||    25
       Tailslap          |     4 |    17 |     5 ||    26
       Dagger            |     7 |   128 |    49 ||   184
 Cast: Magic Dart        |    46 |    29 |    18 ||    93
       Searing Ray       |     4 |    13 |     8 ||    25
       Iskenderun's Myst |       |     4 |     2 ||     6
  Use: Potion            |     3 |       |       ||     3
       Scroll            |       |     7 |     1 ||     8
 Stab: Sleeping          |       |     1 |       ||     1
  Eat: Chunk             |     3 |     8 |     4 ||    15
       Beef jerky        |     1 |       |       ||     1
       Fruit             |       |     1 |     2 ||     3
Armor: Skin              |    15 |    22 |    19 ||    56
Dodge: Dodged            |    27 |    53 |    36 ||   116
